 Dungeon Crawl Stone Soup version 0.31.0-11-ge490571c62 (webtiles) character file.

Game seed: 14971747113109569309

56 Gadfly the Insei (level 3, -1/29 HPs)
             Began as a Demonspawn Monk on Feb 2, 2024.
             Slain by a sky beast (6 damage)
             ... on level 3 of the Dungeon.
             The game lasted 00:02:01 (1493 turns).

Gadfly the Insei (Demonspawn Monk)                  Turns: 1493, Time: 00:02:04

Health: -1/29      AC:  3    Str: 13    XL:     3   Next: 71%
Magic:  3/3        EV: 13    Int: 10    God:
Gold:   149        SH:  0    Dex: 15    Spells: 2/2 levels left

rFire   . .          .
                       - Unarmed
rCold   . . .        c - orb {light}
rNeg    . . .        a - +0 robe
rPois   .            (no helmet)
rElec   .            (no cloak)
rCorr   .            d - +0 pair of gloves
SInv    .            (no boots)
Will    .....        (no amulet)
Stlth   +            (no ring)
HPRegen 0.24/turn    (no ring)
MPRegen 0.08/turn

%: no passive effects
@: confused, ambrosia-drunk, glowing
A: weakness stinger 1
a: no special abilities


You were on level 3 of the Dungeon.
You visited 1 branch of the dungeon, and saw 3 of its levels.

You collected 149 gold pieces.

Inventory:

Armour
 a - a +0 robe (worn)
 c - an orb of light (worn)
 d - a +0 pair of gloves (worn)
Scrolls
 i - 4 scrolls of teleportation
Potions
 e - 2 potions of heal wounds
 f - a potion of invisibility {unknown}
 g - 2 potions of mutation {unknown}
 h - a potion of curing
 j - a potion of degeneration {unknown}
 k - a potion of might {unknown}
 l - a potion of berserk rage {unknown}
 n - a potion of resistance {unknown}


   Skills:
 - Level 3.0 Fighting
 + Level 3.0 Dodging
 * Level 3.2 Unarmed Combat
 * Level 1.4 Evocations
 * Level 1.3 Shapeshifting


You had 2 spell levels left.
You didn't know any spells.
Your spell library contained the following spells:

 Spells                   Type           Power      Damage    Failure   Level
 Tukima's Dance           Hex            0%         N/A       75%         3
 Passage of Golubria      Tloc           0%         N/A       98%         4
 Yara's Violent Unravell  Hex/Alch       0%         3d3       100%        5


Dungeon Overview and Level Annotations

Branches:
Dungeon (3/15)

Altars:
Qazlal


Innate Abilities, Weirdness & Mutations

You have a small tail.


Message History

Found 10 gold pieces.
The rat squeaks loudly.
A rat is nearby!
A rat is nearby!
A sky beast comes into view.
Found a stormy altar of Qazlal.
The rat barely misses you.
You barely miss the rat.
You tail-slap the rat, but do no damage.
The rat misses you.
You barely miss the rat. The rat bites you.
You hit the rat.
You kill the rat!
The sky beast hits you. The sky beast shocks you.
You barely miss the sky beast. The sky beast hits you.
The sky beast shocks you.
You are too injured to fight recklessly!
A sky beast is nearby!
A sky beast is nearby!
A sky beast is nearby!
Unknown command.
You aren't carrying any items that you can evoke.
You barely miss the sky beast. The sky beast closely misses you.
You hit the sky beast.
You tail-slap the sky beast, but do no damage.
The sky beast is lightly wounded.
The sky beast closely misses you.
You hit the sky beast but do no damage.
The sky beast is lightly wounded.
The sky beast barely misses you.
You hit the sky beast.
The sky beast is moderately wounded.
The sky beast hits you. The sky beast shocks you.
* * * LOW HITPOINT WARNING * * *
You are confused.
You feel invigorated.
The sky beast flickers out of sight for a moment.
The sky beast hits you.
* * * LOW HITPOINT WARNING * * *
The sky beast shocks you.
You die...

.#.... # ...._. ##.
.#.... ##..## ###..#...
.$....##.....#.#
........[.......... ##
#..##........Y.<....
.###............@.......
.......#................
....##...#......?.......
.....#.# ##..........###
...#...####.....##...##
...#........#.........##
.#...#.###.............##
.#.|##.###..............#
.##.##.#................#


You could see a sky beast (invisible).

Vanquished Creatures
  3 dart slugs
  4 endoplasms
  A giant cockroach (D:1)
  6 goblins
  9 hobgoblins
  3 quokkas
  4 ball pythons
  5 bats
  4 frilled lizards
  A kobold (D:1)
  7 rats
47 creatures vanquished.

Notes
Turn   | Place    | Note
-------+----------+-------------------------------------------
     0 | D:1      | Gadfly the Demonspawn Monk began the quest for the Orb.
     0 | D:1      | Reached XP level 1. HP: 18/18 MP: 1/1
   176 | D:1      | Gained mutation: You have a small tail. [demonic ancestry]
   176 | D:1      | Reached XP level 2. HP: 11/24 MP: 2/2
   444 | D:1      | Reached skill level 1 in Evocations
   444 | D:1      | Reached skill level 1 in Shapeshifting
   473 | D:1      | Reached XP level 3. HP: 26/29 MP: 3/3
  1482 | D:3      | Noticed a sky beast
  1483 | D:3      | Found a stormy altar of Qazlal.
  1493 | D:3      | Slain by a sky beast

Illustrated notes

Levels and vault maps discovered:
D:1:      dpeg_arrival_castle, layout_rooms, hangedman_glass_teeth,
          minmay_tromino_mix6
D:2:      layout_loops_ring, basic_altar, kennysheep_cross_room
D:3:      layout_rooms, nicolae_qazlal_beasts_of_the_sky,
          dreamdust_ecumenical_altar_statues

Skill      XL: |  1  2  3 |
---------------+----------+-----
Unarmed Combat | 3 |  3.2
Evocations     | 1 |  1.4
Shapeshifting  | 1 |  1.3
Dodging        | 3 |  3.0
Fighting       | |  3.0

Action                     || total
---------------------------++-------
  Melee: Unarmed           ||   133
         Tailslap          ||    18
    Use: Scroll            ||     3
         Potion            ||     3
 Armour: Robe              ||    57
  Dodge: Dodged            ||   111
